 Dungeon Crawl Stone Soup version 0.22-a0-448-g1fb7470005 (webtiles) character file.

455207 Kriby the Phalangite (level 24, -15/214 HPs)
             Began as a Merfolk Skald on June 4, 2018.
             Was the Champion of Makhleb.
             Demolished by a caustic shrike (26 damage)
             ... on level 5 of the Depths.
             The game lasted 02:21:12 (62272 turns).

Kriby the Phalangite (Merfolk Skald)               Turns: 62272, Time: 02:21:12

Health: -15/214    AC: 10    Str: 22    XL:     24   Next: 37%
Magic:  35/36      EV: 23    Int: 12    God:    Makhleb [******]
Gold:   3378       SH:  0    Dex: 20    Spells: 30/41 levels left

rFire    + + +     SeeInvis +   H - +7 bardiche (flame)
rCold    + + .     Gourm    .   (shield currently unavailable)
rNeg     + + +     Faith    .   Q - +5 fire dragon scales
rPois    +         Spirit   .   w - +1 helmet "Nuolun" {rF- Int+3 Dex+2 SInv}
rElec    .         Reflect  .   L - +2 ratskin cloak {+Rats rPois rN+ Str-1 Int-1 Dex+1}
rCorr    .         Harm     .   y - -2 pair of gloves "Cadymaxt" {rF++ MR+ Int-3 Slay+3} (curse)
MR       ++++.                  h - +1 pair of boots
Stlth    ..........             Y - amulet "Xumat" {RegenMP rC+ rN+ Str+3 Dex+2}
HPRegen  0.45/turn              s - ring of Aloedur {rC+ MR++}
MPRegen  0.50/turn              f - ring "Qukot" {*Drain rPois rF+ rC+ rN+ Slay+2, !R}

@: corroded
A: change form in water, swift swim, stealthy swim, blurry vision 1, mutation
resistance 1, sense surroundings 1
}: 2/15 runes: barnacled, gossamer
a: Minor Destruction, Lesser Servant of Makhleb, Major Destruction, Greater
Servant of Makhleb, Renounce Religion, Evoke Ratskin


You were on level 5 of the Depths.
You worshipped Makhleb.
Makhleb was exalted by your worship.
You were not hungry.

You visited 9 branches of the dungeon, and saw 44 of its levels.
You also visited: Labyrinth, Ossuary and Volcano.

You collected 5670 gold pieces.
You spent 2292 gold pieces at shops.

Inventory:

Hand Weapons
 a - a +2 glaive of venom
 b - the +11 arbalest "Caotockaugo" {flame, rF+ Int+4 Stlth+}
   (You bought it in a shop on level 2 of the Orcish Mines)

   It causes projectiles fired from it to burn those they strike, causing extra
   injury to most foes and up to half again as much damage against particularly
   susceptible opponents.
   It affects your intelligence (+4).
   It protects you from fire.
   It makes you more stealthy.
 C - the +7 arbalest of Valiance {penet, rN+}
   (You found it on level 2 of the Crypt)

   Ammo fired by it will pass through the targets it hits, potentially hitting
   all targets in its path until it reaches maximum range.
   It protects you from negative energy.
 H - a +7 bardiche of flaming (weapon)
Missiles
 c - 5 throwing nets
 u - 94 javelins (quivered)
 O - 1271 bolts
Armour
 h - a +1 pair of boots (worn)
 w - the +1 helmet "Nuolun" (worn) {rF- Int+3 Dex+2 SInv}
   (You found it on level 13 of the Dungeon)

   It affects your intelligence (+3).
   It affects your dexterity (+2).
   It makes you vulnerable to fire.
   It lets you see invisible.
 y - the cursed -2 pair of gloves "Cadymaxt" (worn) {rF++ MR+ Int-3 Slay+3}
   (You bought it in a shop on level 2 of the Orcish Mines)

   It affects your intelligence (-3).
   It affects your accuracy and damage with ranged weapons and melee attacks
   (+3).
   It greatly protects you from fire.
   It affects your resistance to hostile enchantments.
   It has a curse placed upon it.
 L - the +2 ratskin cloak (worn) {+Rats rPois rN+ Str-1 Int-1 Dex+1}
   (You found it in a labyrinth)

   It affects your strength (-1).
   It affects your intelligence (-1).
   It affects your dexterity (+1).
   It protects you from poison.
   It protects you from negative energy.
 Q - +5 fire dragon scales (worn)
Jewellery
 f - the ring "Qukot" (right hand) {*Drain rPois rF+ rC+ rN+ Slay+2, !R}
   (You found it on level 3 of the Crypt)

   [ring of positive energy]

   It affects your accuracy and damage with ranged weapons and melee attacks
   (+2).
   It protects you from fire.
   It protects you from cold.
   It protects you from poison.
   It protects you from negative energy.
   It causes draining when unequipped.
 r - an uncursed ring of resist corrosion
 s - the ring of Aloedur (left hand) {rC+ MR++}
   (You bought it in a shop on level 15 of the Dungeon)

   [ring of protection from cold]

   It protects you from cold.
   It affects your resistance to hostile enchantments.
 t - the ring of Spring {rPois rF+++ rC- rN+ Str+4}
   (You found it on level 3 of the Crypt)

   [ring of positive energy]

   It affects your strength (+4).
   It renders you almost immune to fire.
   It makes you vulnerable to cold.
   It protects you from poison.
   It protects you from negative energy.
 A - the ring of Lyibah {Ice rPois, unknown}
   (You found it on level 4 of the Depths)

   [ring of ice]

   It enhances your ice magic.
   It makes you vulnerable to fire.
   It protects you from cold.
   It protects you from poison.
 F - the ring of Virtue {+Blink rElec rN+}
   (You found it on level 3 of the Crypt)

   [ring of positive energy]

   It insulates you from electricity.
   It protects you from negative energy.
   It lets you blink.
 Y - the amulet "Xumat" (around neck) {RegenMP rC+ rN+ Str+3 Dex+2}
   (You found it in a labyrinth)

   [amulet of magic regeneration]

   It increases your magic regeneration.
   It affects your strength (+3).
   It affects your dexterity (+2).
   It protects you from cold.
   It protects you from negative energy.
Wands
 I - a wand of iceblast (48) {@v4}
 K - a wand of acid (32) {@v2}
 Z - a wand of digging (12) {@v1}
Scrolls
 i - 24 scrolls of teleportation {@r3}
 l - 17 scrolls of remove curse {@r2}
 n - 3 scrolls of fog
 o - 4 scrolls of fear
 p - 2 scrolls of silence
 q - 8 scrolls of amnesia
 v - 3 scrolls of magic mapping
 B - 4 scrolls of blinking {@r4}
 E - a scroll of holy word
 J - 2 scrolls of vulnerability
 P - a scroll of summoning
 R - 5 scrolls of immolation
 S - a scroll of enchant armour
 W - 19 scrolls of identify {@r1}
Potions
 e - 3 potions of magic
 g - 10 potions of ambrosia
 j - 6 potions of mutation
 k - 5 potions of lignification
 x - 5 potions of haste {@q3}
 z - 14 potions of curing {@q1}
 D - 2 potions of degeneration {unknown}
 G - 6 potions of might {@q4}
 N - 4 potions of flight
 T - a potion of resistance
 X - 3 potions of brilliance
Miscellaneous
 M - 4 sacks of spiders
 U - a box of beasts
 V - a phantom mirror
Comestibles
 d - 50 rations {@e1}
 m - 21 chunks of flesh


   Skills:
 + Level 23.1 Fighting
 - Level 26.0 Polearms
 + Level 14.4 Armour
 - Level 17.9 Dodging
 + Level 9.3 Spellcasting
 - Level 5.0 Hexes
 - Level 11.0 Charms
 - Level 5.0 Necromancy
 - Level 5.0 Translocations
 - Level 12.0 Invocations


You had 30 spell levels left.
You knew the following spells:

 Your Spells              Type           Power        Failure   Level  Hunger
a - Infusion              Chrm           ####         1%          1    None
b - Shroud of Golubria    Chrm/Tloc      ###.......   1%          2    None
c - Swiftness             Chrm/Air       ###.....     4%          2    None
r - Regeneration          Chrm/Necr      ###.......   3%          3    ##.....
w - Spectral Weapon       Hex/Chrm       ###.....     3%          3    ##.....

Your spell library contained the following spells:

 Spells                   Type           Power        Failure   Level  Hunger
 Cause Fear               Hex            ###.......   36%         4    ####...
 Magic Dart               Conj           #...         28%         1    None
 Fireball                 Conj/Fire      #.........   100%        5    #####..
 Apportation              Tloc           ###...       3%          1    None
 Conjure Flame            Conj/Fire      #.......     65%         3    ##.....
 Bolt of Cold             Conj/Ice       #.........   100%        6    #######
 Lightning Bolt           Conj/Air       #.........   100%        5    #####..
 Bolt of Magma            Conj/Fire/Erth #.........   100%        5    #####..
 Slow                     Hex            ###.....     5%          2    None
 Confuse                  Hex            ###.....     11%         3    ##.....
 Invisibility             Hex            ###.....     99%         6    #######
 Throw Flame              Conj/Fire      #.....       41%         2    None
 Throw Frost              Conj/Ice       #.....       41%         2    None
 Freezing Cloud           Conj/Ice/Air   #.........   100%        6    #######
 Mephitic Cloud           Conj/Pois/Air  #.......     65%         3    ##.....
 Ring of Flames           Chrm/Fire      ###.......   100%        7    #######
 Venom Bolt               Conj/Pois      #.........   100%        5    #####..
 Summon Small Mammal      Summ           #...         28%         1    None
 Lehudib's Crystal Spear  Conj/Erth      #.........   100%        8    #######
 Fire Storm               Conj/Fire      #.........   100%        9    #######
 Iskenderun's Mystic Bla  Conj           #.......     96%         4    ####...
 Animate Dead             Necr           N/A          36%         4    ####...
 Freeze                   Ice            #...         28%         1    None
 Ozocubu's Refrigeration  Ice            #.........   100%        6    #######
 Sticky Flame             Conj/Fire      #.......     96%         4    ####...
 Summon Ice Beast         Ice/Summ       #.......     96%         4    ####...
 Ozocubu's Armour         Chrm/Ice       ###.....     9%          3    ##.....
 Call Imp                 Summ           #.......     41%         2    None
 Poison Arrow             Conj/Pois      #.........   100%        6    #######
 Tukima's Dance           Hex            ###.....     11%         3    ##.....
 Iron Shot                Conj/Erth      #.........   100%        6    #######
 Stone Arrow              Conj/Erth      #.....       65%         3    ##.....
 Shock                    Conj/Air       #...         28%         1    None
 Recall                   Summ/Tloc      N/A          30%         3    ##.....
 Statue Form              Tmut/Erth      #........    100%        6    #######
 Ice Form                 Ice/Tmut       #.......     96%         4    ####...
 Death Channel            Necr           ###.......   99%         6    #######
 Throw Icicle             Conj/Ice       #.......     96%         4    ####...
 Glaciate                 Conj/Ice       #.........   100%        9    #######
 Airstrike                Air            #.........   96%         4    ####...
 Flame Tongue             Conj/Fire      #....        28%         1    None
 Passwall                 Tmut/Erth      #.......     41%         2    None
 Call Canine Familiar     Summ           #.......     65%         3    ##.....
 Ensorcelled Hibernation  Hex/Ice        ##....       16%         2    None
 Metabolic Englaciation   Hex/Ice        ##........   96%         5    #####..
 Summon Butterflies       Summ           #.......     28%         1    None
 Shatter                  Erth           #.........   100%        9    #######
 Static Discharge         Conj/Air       #.......     65%         3    ##.....
 Corona                   Hex            ###....      3%          1    None
 Alistair's Intoxication  Tmut/Pois      #.......     100%        5    #####..
 Lee's Rapid Deconstruct  Erth           #.........   100%        5    #####..
 Sandblast                Erth           #.....       28%         1    None
 Simulacrum               Ice/Necr       ##........   100%        6    #######
 Chain Lightning          Conj/Air       #.........   100%        8    #######
 Portal Projectile        Hex/Tloc       ###...       11%         3    ##.....
 Petrify                  Tmut/Erth      #.......     96%         4    ####...
 Orb of Destruction       Conj           #.........   100%        7    #######
 Leda's Liquefaction      Hex/Erth       ##........   71%         4    ####...
 Inner Flame              Hex/Fire       ##......     30%         3    ##.....
 Iskenderun's Battlesphe  Conj/Chrm      ###.....     63%         5    #####..
 Fulminant Prism          Conj/Hex       ##........   71%         4    ####...
 Dazzling Spray           Conj/Hex       ##....       30%         3    ##.....
 Force Lance              Conj/Tloc      ##......     71%         4    ####...
 Song of Slaying          Chrm           ####....     1%          2    None
 Searing Ray              Conj           #.....       41%         2    None
 Summon Lightning Spire   Summ/Air       #.......     96%         4    ####...
 Summon Guardian Golem    Hex/Summ       ##......     30%         3    ##.....
 Spellforged Servitor     Conj/Summ      #.........   100%        7    #######
 Lesser Beckoning         Tloc           ###.......   11%         3    ##.....
 Poisonous Vapours        Pois/Air       #.....       41%         2    None
 Ignition                 Fire           #.........   100%        8    #######
 Borgnjor's Vile Clutch   Necr/Erth      ##........   96%         5    #####..


Dungeon Overview and Level Annotations

Branches:
Dungeon (15/15)            Temple (1/1) D:4            Lair (6/6) D:11
 Shoals (4/4) Lair:3       Spider (4/4) Lair:3        Slime (0/5) Lair:5
    Orc (2/2) D:11            Elf (0/3) Orc:2        Vaults (4/5) D:13
  Crypt (3/3) Vaults:3       Tomb (0/3) Crypt:3      Depths (5/5) D:15
    Zot: Depths:5

Altars:
Ashenzari
Cheibriados
Dithmenos
Elyvilon
Fedhas
Gozag
Hepliaklqana
Kikubaaqudgha
Makhleb
Nemelex Xobeh
Okawaru
Qazlal
Ru
Sif Muna
Trog
Uskayaw
Vehumet
Wu Jian
Xom
Yredelemnul
Zin
The Shining One
Beogh
Jiyva
Lugonu

Shops:
D:8 [   D:11 %   D:15 :%%*=   Orc:2 *:[(?   Shoals:2 [   Vaults:1 [

Portals:
Hell: Depths:1 Depths:2 Depths:3 Depths:4 Depths:5
Abyss: Depths:1 Depths:3 Depths:4
Pandemonium: Depths:3
Ziggurat: Depths:2
Trove: D:10 (give +2 ice dragon scales)

Annotations:
D:15 1 runed door
Lair:3 exclusion: oklob plant
Lair:5 exclusion: 2 oklob plants


Innate Abilities, Weirdness & Mutations

You revert to your normal form in water.
You are very nimble and swift while swimming.
You are very stealthy in the water. (Stealth+)
Scrolls take you a little longer to read.
You are somewhat resistant to further mutation.
You passively map a small area around you.


Message History

* * * LOW HITPOINT WARNING * * *
The caustic shrike claws you.
* * * LOW HITPOINT WARNING * * *
You are splashed with acid!
The acid burns!
* * * LOW HITPOINT WARNING * * *
The caustic shrike claws you but does no damage.
You begin reading the scroll.
You continue reading the scroll.
The caustic shrike claws you but does no damage.
The caustic shrike claws you!!
* * * LOW HITPOINT WARNING * * *
The acid corrodes you!
You are splashed with acid!
The acid burns!
* * * LOW HITPOINT WARNING * * *
The caustic shrike claws you.
* * * LOW HITPOINT WARNING * * *
You are splashed with acid!
The acid burns!
* * * LOW HITPOINT WARNING * * *
The caustic shrike completely misses you.
The caustic shrike claws you but does no damage.
The caustic shrike claws you!!
You die...

.....## + ,
###. ....##,
+ , + ##
...##, , ,, ,
, * , ...# ,
* ,,, #### *
* '.## ,
,,++#...##.
** * '##, ,
#.....''.,,
..# ,
##b..⌠.''. ,
.##
,,###bbC.C.#*
, + * .#, ,,*
* #..b@# * '
+, .# ##..(##
,, , * .# ,
#....#*, .#
#....# , , *
* .# *
#....#,, , ,,
.# ,##''## ,,
,, .##++##,≈
##[[## , +
.#....#,,
#...[#, ,
.#....#
#..⌠.# , , ,


You could see a juggernaut, 4 caustic shrikes, a stone giant and a friendly
spectral bardiche of flaming.

Vanquished Creatures
  An ancient lich (Depths:3)
  A juggernaut (Depths:5)
  Boris (thrice) (Crypt:2 Crypt:3 Depths:3)
  Bai Suzhen (Crypt:3)
  Saint Roka (Orc:2)
  The ghost of loom the Conqueror, an adept HOBe of Trog (Vaults:3)
  4 liches
  Rupert (Lair:4)
  A shard shrike skeleton (Crypt:2)
  2 titans (Depths:5)
  2 ancient champions (Crypt:3)
  3 sphinxes
  A tengu reaver (Depths:2)
  A storm dragon (Vaults:4)
  3 revenants
  5 fire giants
  Ilsuiw (Shoals:4)
  5 ghost moths
  A deep elf sorcerer (Vaults:3)
  A balrug (Depths:2)
  2 curse skulls
  6 frost giants
  4 emperor scorpions
  7 vault wardens
  An orc warlord (Orc:2)
  A reaper (Crypt:3)
  2 spriggan defenders (Depths:5)
  12 very ugly things
  2 entropy weavers
  A juggernaut skeleton (Crypt:3)
  11 ironheart preservers
  3 ghouls
  A draconian annihilator (Depths:3)
  12 stone giants
  A caustic shrike skeleton (Depths:4)
  13 vampire knights
  A minotaur (Lab)
  Azrael (D:12)
  3 deep elf annihilators (Depths:3)
  5 spark wasps
  5 dire elephants (Depths:3)
  5 eidola
  2 merfolk javelineers
  10 ettins
  A deep elf death mage (Crypt:3)
  10 yaktaur captains
  12 merfolk impalers
  17 jiangshi
  Fannar (Lair:1)
  4 fire dragons
  6 great orbs of eyes
  Josephine (Lair:4)
  5 ice dragons
  11 hydras
  19 ogre magi
  7 vault guards
  4 rakshasas
  A merfolk avatar (Shoals:2)
  2 spriggan air magi (Depths:5)
  3 catoblepae (Lair:6)
  Erica (Lair:1)
  2 dancing weapons (Crypt:3)
  4 death knights
  5 tengu warriors
  11 centaur warriors
  5 merfolk aquamancers
  5 deep troll earth magi
  7 satyrs
  6 death yaks (Lair:6)
  10 deep troll shamans
  13 vampire magi
  62 two-headed ogres
  Urug (D:12)
  2 spriggan berserkers
  An orc high priest (Orc:2)
  A titan skeleton (Depths:2)
  A shock serpent (shapeshifter) (Depths:4)
  2 sun demons (Depths:2)
  Sonja (D:13)
  8 hell knights
  3 deep elf knights
  4 storm dragon zombies (Crypt:3)
  11 shadow wraiths
  A fire crab (shapeshifter) (D:14)
  16 skeletal warriors
  5 iron trolls
  15 sea snakes
  3 unseen horrors
  A golden dragon zombie (Crypt:3)
  A ghost moth zombie (Crypt:1)
  A salamander mystic (Depths:1)
  A glowing orange brain (shapeshifter) (Depths:1)
  4 wizards
  A death drake (shapeshifter) (Depths:1)
  A glowing orange brain (Depths:3)
  6 flayed ghosts
  25 deep trolls
  3 deep elf archers
  12 ironbrand convokers
  17 deep elf magi
  A harpy (shapeshifter) (D:14)
  3 harpies
  7 necromancers
  A golden dragon skeleton (Depths:2)
  14 phantasmal warriors
  31 wolf spiders
  2 sphinx zombies
  The ghost of HANFGEIST the Destroyer, a novice DEWz of Vehumet (D:8)
  13 fauns
  19 orc knights
  A shadow dragon skeleton (Depths:4)
  9 orb spiders
  8 orc sorcerers
  39 ugly things
  A salamander (shapeshifter) (Vaults:2)
  A sphinx skeleton (Crypt:3)
  20 manticores
  A manticore (shapeshifter) (Depths:1)
  3 salamanders (Depths:1)
  An iron dragon zombie (Crypt:3)
  4 merfolk sirens
  A moth of wrath (shapeshifter) (Depths:5)
  13 cyclopes
  3 black mambas (shapeshifter)
  A spriggan zombie (Depths:4)
  2 fire giant skeletons
  3 moths of wrath
  3 elephants (Lair:3)
  11 vault sentinels
  The ghost of neozumm the Slasher, a novice MiFi (D:5)
  A stone giant skeleton (Vaults:4)
  4 water nymphs
  A naga mage (Depths:3)
  2 molten gargoyles (Volcano)
  6 spiny frogs
  7 centaur skeletons
  A gargoyle (D:15)
  4 black mambas
  A death yak zombie (Crypt:1)
  8 komodo dragons
  38 yaktaurs
  6 freezing wraiths
  A sea snake zombie (Crypt:1)
  2 rime drakes
  A komodo dragon (shapeshifter) (Vaults:3)
  An efreet (D:15)
  6 kobold demonologists
  A hydra zombie (Crypt:3)
  6 demonic crawlers
  2 green draconian skeletons
  A minotaur skeleton (Crypt:2)
  5 tengu conjurers
  24 jumping spiders
  17 merfolk
  4 polar bears
  A merfolk (shapeshifter) (Vaults:3)
  7 trolls
  6 wind drakes
  26 slime creatures
  A raiju (shapeshifter) (Vaults:2)
  3 ice dragon zombies (Crypt:3)
  A blink frog (shapeshifter) (Vaults:2)
  15 hornets
  10 dream sheep
  8 blink frogs
  4 shadows
  10 hippogriffs
  10 snapping turtles
  An ettin zombie (Crypt:3)
  Sigmund (D:3)
  58 redbacks
  A spriggan (Depths:5)
  The ghost of Zaque the Chucker, an amateur OgAM of Okawaru (D:4)
  27 vampires
  4 wyverns
  25 water elementals
  14 wraiths
  A yak (shapeshifter) (Depths:4)
  20 tarantellas
  3 hogs (D:7)
  A human (D:7)
  2 steam dragons
  A tyrant leech zombie (Crypt:3)
  37 yaks
  6 basilisks
  5 fire elementals (D:12)
  10 hungry ghosts
  A hog (shapeshifter) (Depths:2)
  Grum (Lair:1)
  A yaktaur simulacrum (Vaults:3)
  Menkaure (D:4)
  An elf skeleton (Depths:4)
  4 vampire mosquitoes
  7 wargs
  A soldier ant (D:13)
  8 acid dragons
  18 water moccasins
  An acid dragon (shapeshifter) (Vaults:1)
  11 porcupines
  2 sky beasts
  Duvessa (D:4)
  2 hell hounds (D:12)
  A floating eye (Depths:5)
  45 orc warriors
  5 black bears
  4 ice beasts
  3 eyes of draining
  4 phantoms
  3 necrophages (Crypt:3)
  54 ogres
  8 wolves (Lair:1)
  11 boggarts
  A dream sheep skeleton (Crypt:2)
  27 centaurs
  A crocodile (shapeshifter) (Vaults:1)
  5 crocodiles
  Blork the orc (Orc:2)
  3 big kobolds
  A bullfrog (shapeshifter) (Vaults:3)
  A gnoll sergeant (D:12)
  15 bullfrogs
  2 wyvern zombies
  An earth elemental (Lab)
  A human skeleton (Vaults:4)
  A salamander skeleton (Crypt:1)
  Dowan (D:4)
  A wyvern skeleton (D:13)
  A scorpion (D:11)
  4 killer bees (D:7)
  A howler monkey (shapeshifter) (Vaults:2)
  A troll skeleton (Lab)
  A wight (D:13)
  3 howler monkeys
  5 electric eels (D:8)
  A bullfrog zombie (D:5)
  3 centaur zombies
  11 crimson imps
  2 quasits (D:7)
  11 hounds
  2 human simulacra
  4 jellies
  28 orc priests
  37 orc wizards
  4 bullfrog skeletons
  A demonspawn skeleton (Crypt:1)
  A porcupine zombie (Crypt:2)
  9 iguanas
  Natasha (twice) (D:3)
  7 worker ants
  3 big kobold zombies (Ossuary)
  A demigod skeleton (Crypt:3)
  A hound zombie (D:11)
  2 hound skeletons
  5 mummies (Ossuary)
  A howler monkey skeleton (D:11)
  4 gnolls (D:12)
  6 adders
  5 shadow imps
  A white imp (Depths:3)
  An ooze (D:5)
  2 adder zombies
  5 worms
  A barachi skeleton (Crypt:3)
  2 dart slugs
  6 leopard geckos
  111 orcs
  9 bats
  7 giant cockroaches
  A gnoll zombie (Crypt:3)
  6 goblins
  5 hobgoblins
  4 jackals (D:5)
  6 quokkas
  A ball python skeleton (Crypt:3)
  7 frilled lizards
  A frilled lizard skeleton (Crypt:1)
  A hobgoblin zombie (Ossuary)
  27 kobolds
  A kobold zombie (Crypt:2)
  A leopard gecko skeleton (D:8)
  2 leopard gecko zombies
  2 quokka skeletons
  4 rats
  A fungus (Lair:6)
  A plant (D:15)
1864 creatures vanquished.

Vanquished Creatures (collateral kills)
  A frost giant (Depths:1)
  3 death yaks (Lair:6)
  A two-headed ogre (Depths:1)
  2 yaks (Lair:6)
  A vampire mosquito (D:12)
  An ogre (Depths:1)
  An electric eel (D:8)
  A plant (Lair:6)
11 creatures vanquished.

Vanquished Creatures (others)
  An orc warrior (Orc:1)
  An ogre (Vaults:3)
  An orc wizard (Orc:1)
  Natasha (D:3)
  A rat zombie (Crypt:3)
  6 fungi
  22 plants
  13 spectral weapons
46 creatures vanquished.

Grand Total: 1921 creatures vanquished

Notes
Turn   | Place    | Note
-------+----------+-------------------------------------------
     0 | D:1      | Kriby the Merfolk Skald began the quest for the Orb.
     0 | D:1      | Reached XP level 1. HP: 16/16 MP: 3/3
   309 | D:1      | Reached skill level 4 in Polearms
   309 | D:1      | Reached XP level 2. HP: 22/22 MP: 5/5
   770 | D:1      | Reached skill level 5 in Polearms
   770 | D:1      | Reached XP level 3. HP: 23/27 MP: 6/6
  1323 | D:2      | Reached skill level 6 in Polearms
  1555 | D:2      | Reached XP level 4. HP: 33/33 MP: 7/7
  2243 | D:3      | Found a bloodstained altar of Trog.
  2307 | D:3      | Noticed Natasha
  2325 | D:3      | Killed Natasha
  2325 | D:3      | Reached skill level 7 in Polearms
  2438 | D:3      | Reached XP level 5. HP: 35/38 MP: 4/8
  2561 | D:3      | Noticed Natasha
  2621 | D:3      | Killed Natasha
  2887 | D:3      | Found a glowing golden altar of the Shining One.
  2888 | D:3      | Noticed Sigmund
  2889 | D:3      | Found an iron altar of Okawaru.
  2889 | D:3      | Noticed Natasha
  2901 | D:3      | Killed Natasha
  2925 | D:3      | Killed Sigmund
  2925 | D:3      | Reached skill level 9 in Polearms
  2925 | D:3      | Reached XP level 6. HP: 35/44 MP: 2/9
  3080 | D:4      | Found a hide-covered altar of Uskayaw.
  3093 | D:4      | Noticed Dowan
  3094 | D:4      | Noticed Duvessa
  3103 | D:4      | Killed Duvessa
  3103 | D:4      | Reached skill level 10 in Polearms
  3108 | D:4      | Killed Dowan
  3108 | D:4      | Reached XP level 7. HP: 20/50 MP: 10/10
  3396 | D:4      | Found a shimmering altar of Xom.
  3397 | D:4      | Found a hazy altar of Hepliaklqana.
  3398 | D:4      | Noticed a spectral ugly thing
  3419 | D:4      | Noticed a hand axe
  3419 | D:4      | Noticed a dagger
  3490 | D:4      | Got a translucent war axe
  3492 | D:4      | Identified the +8 war axe "Zuqudyom" {antimagic, rPois rF- MR+ Dex+4} (You found it on level 4 of the Dungeon)
  3499 | D:4      | Reached skill level 11 in Polearms
  3585 | D:4      | Found a staircase to the Ecumenical Temple.
  3599 | D:4      | Noticed Menkaure
  3610 | D:4      | Killed Menkaure
  3797 | Temple   | Entered the Ecumenical Temple
  4263 | D:4      | Reached skill level 12 in Polearms
  4483 | D:4      | Noticed Zaque's ghost (amateur OgAM)
  4494 | D:4      | Killed Zaque's ghost
  4494 | D:4      | Reached XP level 8. HP: 47/56 MP: 11/11
  4587 | D:4      | Reached skill level 13 in Polearms
  4842 | D:5      | Entered Level 5 of the Dungeon
  4842 | D:5      | Found a sacrificial altar of Ru.
  5115 | D:5      | Noticed neozumm's ghost (novice MiFi)
  5162 | D:5      | Killed neozumm's ghost
  5162 | D:5      | Reached skill level 14 in Polearms
  5952 | D:5      | Reached skill level 15 in Polearms
  5965 | D:5      | Reached XP level 9. HP: 49/61 MP: 12/12
  6864 | D:6      | Reached skill level 16 in Polearms
  7447 | D:6      | Found an opulent altar of Gozag.
  7819 | D:7      | Reached skill level 17 in Polearms
  8018 | D:7      | Learned a level 2 spell: Shroud of Golubria
  8022 | D:7      | Learned a level 3 spell: Regeneration
  8084 | D:7      | Learned a level 3 spell: Spectral Weapon
  8118 | D:7      | Reached XP level 10. HP: 71/73 MP: 13/13
  8123 | D:7      | Found a burning altar of Makhleb.
  8128 | D:7      | Found a glowing silver altar of Zin.
  8128 | D:7      | Noticed an angel
  8128 | D:7      | Noticed a green death
  8131 | D:7      | Became a worshipper of Makhleb the Destroyer
  8165 | D:7      | Reached skill level 5 in Fighting
  8197 | D:7      | Found a sand-covered staircase.
  8204 | Ossuary  | Entered an ossuary
  8911 | D:7      | Reached skill level 18 in Polearms
  9733 | D:8      | Noticed HANFGEIST's ghost (novice DEWz)
  9750 | D:8      | Killed HANFGEIST's ghost
  9984 | D:8      | Found Qossodit's Antique Armour Emporium.
  9992 | D:8      | Bought a faintly glowing scale mail for 261 gold pieces
  9992 | D:8      | Identified the cursed +1 scale mail "Amynle Xaceu" {rElec rCorr SInv} (You bought it in a shop on level 8 of the Dungeon)
 10032 | D:8      | Reached * piety under Makhleb
 10452 | D:8      | Found a blossoming altar of Fedhas.
 10600 | D:8      | Reached skill level 19 in Polearms
 10988 | D:9      | Reached XP level 11. HP: 71/84 MP: 14/14
 11015 | D:9      | Noticed a two-headed ogre
 11023 | D:9      | Killed a two-headed ogre
 11297 | D:9      | Noticed a two-headed ogre
 11340 | D:9      | Killed a two-headed ogre
 11420 | D:9      | Reached ** piety under Makhleb
 12004 | D:10     | Entered Level 10 of the Dungeon
 12025 | D:10     | Reached skill level 5 in Dodging
 12075 | D:10     | Killed an unseen horror
 12075 | D:10     | Reached skill level 20 in Polearms
 12253 | D:10     | Noticed a two-headed ogre
 12282 | D:10     | Killed a two-headed ogre
 12381 | D:10     | Found a hazy altar of Hepliaklqana.
 12846 | D:10     | Found a portal to a secret trove of treasure.
 13271 | D:11     | Found a staircase to the Lair.
 13538 | D:11     | Found Uridief's Food Shop.
 13562 | D:11     | Reached *** piety under Makhleb
 13578 | D:11     | Reached XP level 12. HP: 59/95 MP: 13/15
 14137 | D:11     | Reached skill level 21 in Polearms
 14385 | D:11     | Found a staircase to the Orcish Mines.
 14537 | D:11     | Gained mutation: You have a pair of small horns on your head. [potion of mutation]
 14537 | D:11     | Gained mutation: Your mind is acute. (Int +2) [potion of mutation]
 14577 | Lair:1   | Entered Level 1 of the Lair of Beasts
 14577 | Lair:1   | Noticed Fannar
 14587 | Lair:1   | Killed Fannar
 14939 | Lair:1   | Reached skill level 1 in Invocations
 15469 | Lair:1   | Noticed Grum
 15537 | Lair:1   | Reached **** piety under Makhleb
 15685 | Lair:1   | Killed Grum
 15985 | Lair:1   | Noticed Erica
 15994 | Lair:1   | Killed Erica
 16417 | Lair:2   | Reached skill level 10 in Fighting
 16431 | Lair:2   | Noticed a seven-headed hydra
 16441 | Lair:2   | Killed a two-headed hydra
 16742 | Lair:2   | Reached skill level 5 in Invocations
 17512 | Lair:3   | Reached XP level 13. HP: 104/104 MP: 14/17
 17886 | Lair:3   | Reached ***** piety under Makhleb
 18002 | Lair:3   | Found a hide-covered altar of Uskayaw.
 18096 | Lair:3   | Reached skill level 10 in Dodging
 18401 | Lair:3   | Found a hole to the Spider Nest.
 18463 | Lair:3   | Found a staircase to the Shoals.
 19339 | Lair:4   | Found a dark tunnel.
 19352 | Volcano  | Entered a volcano
 19466 | Volcano  | Found a bloodstained altar of Trog.
 19466 | Volcano  | Noticed an ogre mage
 19472 | Volcano  | Reached skill level 22 in Polearms
 19477 | Volcano  | Killed an ogre mage
 19855 | Lair:4   | Noticed Josephine
 19886 | Lair:4   | Killed Josephine
 20114 | Lair:4   | Noticed Rupert
 20130 | Lair:4   | Killed Rupert
 20531 | Lair:5   | Reached XP level 14. HP: 110/113 MP: 17/21
 20709 | Lair:5   | Found a viscous altar of Jiyva.
 20709 | Lair:5   | Found a staircase to the Slime Pits.
 21113 | Lair:6   | Entered Level 6 of the Lair of Beasts
 21204 | Lair:6   | Reached skill level 10 in Invocations
 22749 | Lair:6   | Identified the Papyrus of Enchanting Moulding
 23439 | D:12     | Noticed Azrael
 23467 | D:12     | Killed Azrael
 23646 | D:12     | Noticed a sphinx
 23649 | D:12     | Noticed a stone giant
 23663 | D:12     | Killed a sphinx
 23680 | D:12     | Killed a stone giant
 23695 | D:12     | Noticed Urug
 23711 | D:12     | Killed Urug
 23711 | D:12     | Reached skill level 23 in Polearms
 23711 | D:12     | Reached XP level 15. HP: 98/122 MP: 13/24
 24346 | D:13     | Found a labyrinth entrance.
 24380 | Lab      | Entered a labyrinth
 24597 | Lab      | Got a scorched copper amulet
 24598 | Lab      | Identified the amulet "Xumat" {RegenMP rC+ rN+ Str+3 Dex+2} (You found it in a labyrinth)
 24755 | Lab      | Got a shimmering spear {elec}
 24757 | Lab      | Identified the cursed +0 spear of the Manifold Blessings {elec, rElec} (You took it off a minotaur in a labyrinth)
 24776 | Lab      | Found the +2 ratskin cloak {+Rats rPois rN+ Str-1 Int-1 Dex+1}
 24780 | Lab      | Got an ominously black robe
 24821 | D:13     | Identified the cursed +1 robe of Plasticity {*Slow rPois rC++ Int+2} (You found it in a labyrinth)
 25128 | D:13     | Noticed Sonja
 25133 | D:13     | Killed Sonja
 25503 | D:13     | Found a gate to the Vaults.
 25543 | D:13     | Reached ****** piety under Makhleb
 26798 | D:14     | Identified the Almanac of Feathery Ignition
 27031 | D:14     | Reached skill level 24 in Polearms
 27233 | D:14     | Reached XP level 16. HP: 130/133 MP: 25/25
 27474 | D:15     | Entered Level 15 of the Dungeon
 27477 | D:15     | Found Veosoe's Food Shoppe.
 27483 | D:15     | Found Izxiraubb's Assorted Antiques.
 27484 | D:15     | Found Lumaat's Jewellery Shop.
 27493 | D:15     | Bought a glittering tin ring for 120 gold pieces
 27493 | D:15     | Identified the ring of Aloedur {rC+ MR++} (You bought it in a shop on level 15 of the Dungeon)
 27542 | D:15     | Found a runed door.
 27542 | D:15     | Noticed a sphinx
 27577 | D:15     | Found Pypauf's Food Emporium.
 27590 | D:15     | Reached skill level 15 in Dodging
 27674 | D:15     | Found Wuuxt's Book Emporium.
 28426 | D:15     | Found a staircase to the Depths.
 28782 | Orc:1    | Entered Level 1 of the Orcish Mines
 28974 | Orc:2    | Entered Level 2 of the Orcish Mines
 28974 | Orc:2    | Found a staircase to the Elven Halls.
 29183 | D:13     | Identified the +1 helmet "Nuolun" {rF- Int+3 Dex+2 SInv} (You found it on level 13 of the Dungeon)
 29523 | Orc:2    | Noticed Saint Roka
 29879 | Orc:2    | Noticed Blork the orc
 29903 | Orc:2    | Killed Blork the orc
 29919 | Orc:2    | Found a roughly hewn altar of Beogh.
 30384 | Orc:2    | Killed Saint Roka
 30513 | Orc:2    | Reached skill level 15 in Fighting
 30527 | Orc:2    | Found Lieklisi's Book Boutique.
 30543 | Orc:2    | Found Tata's Antique Weapon Boutique.
 30570 | Orc:2    | Found Moippal's Magic Scroll Emporium.
 30578 | Orc:2    | Bought a scroll of brand weapon for 320 gold pieces
 30578 | Orc:2    | Bought a scroll of blinking for 120 gold pieces
 30578 | Orc:2    | Bought a scroll of blinking for 120 gold pieces
 30578 | Orc:2    | Bought a scroll of fear for 56 gold pieces
 30694 | Orc:2    | Found Zecal's Antique Armour Boutique.
 30700 | Orc:2    | Bought a pair of pitted gloves for 313 gold pieces
 30700 | Orc:2    | Bought a steaming ring mail for 297 gold pieces
 30700 | Orc:2    | Identified the cursed -2 pair of gloves "Cadymaxt" {rF++ MR+ Int-3 Slay+3} (You bought it in a shop on level 2 of the Orcish Mines)
 30701 | Orc:2    | Identified the +2 ring mail "Usuph" {*Contam +Fly rC+ Int+4} (You bought it in a shop on level 2 of the Orcish Mines)
 30712 | Orc:2    | Found Vogatwa's General Store.
 31512 | D:15     | Bought an uncursed ring of resist corrosion for 400 gold pieces
 31626 | Spider:1 | Entered Level 1 of the Spider Nest
 32277 | Spider:1 | Reached skill level 25 in Polearms
 32908 | Spider:2 | Reached XP level 17. HP: 142/142 MP: 26/26
 35494 | Spider:4 | Entered Level 4 of the Spider Nest
 37661 | Spider:4 | Got a gossamer rune of Zot
 37833 | Shoals:1 | Entered Level 1 of the Shoals
 38157 | Shoals:1 | Reached skill level 1 in Armour
 38498 | Shoals:1 | Reached skill level 26 in Polearms
 38699 | Shoals:1 | Identified the cursed +1 hand crossbow of Jeukh {velocity, rC+} (You found it on level 1 of the Shoals)
 38945 | Orc:2    | Bought a faintly glowing arbalest for 285 gold pieces
 38945 | Orc:2    | Identified the +11 arbalest "Caotockaugo" {flame, rF+ Int+4 Stlth+} (You bought it in a shop on level 2 of the Orcish Mines)
 40482 | Shoals:2 | Reached XP level 18. HP: 153/153 MP: 27/27
 40549 | Shoals:2 | Identified a scroll of acquirement
 40826 | Shoals:2 | Found Odghou's Antique Armour Shoppe.
 41059 | Shoals:2 | Identified the +3 leather armour of Supple Strength {SInv} (You found it on level 2 of the Shoals)
 41847 | Shoals:3 | Reached skill level 5 in Armour
 42150 | Shoals:3 | Lost mutation: You have a pair of small horns on your head. [potion of mutation]
 42150 | Shoals:3 | Lost mutation: Your mind is acute. (Int +2) [potion of mutation]
 42150 | Shoals:3 | Gained mutation: You have a beak for a mouth. [potion of mutation]
 42150 | Shoals:3 | Gained mutation: Your spells are a little easier to cast, but a little less powerful. [potion of mutation]
 42150 | Shoals:3 | Gained mutation: You are surrounded by a mild repulsion field. (EV +2) [potion of mutation]
 42151 | Shoals:3 | Lost mutation: Your spells are a little easier to cast, but a little less powerful. [potion of mutation]
 42151 | Shoals:3 | Lost mutation: You have a beak for a mouth. [potion of mutation]
 42151 | Shoals:3 | Lost mutation: You are surrounded by a mild repulsion field. (EV +2) [potion of mutation]
 42151 | Shoals:3 | Gained mutation: You possess an exceptional clarity of mind. [potion of mutation]
 42151 | Shoals:3 | Gained mutation: You passively map a small area around you. [potion of mutation]
 42151 | Shoals:3 | Gained mutation: You have a pair of small horns on your head. [potion of mutation]
 42152 | Shoals:3 | Lost mutation: You have a pair of small horns on your head. [potion of mutation]
 42152 | Shoals:3 | Lost mutation: You possess an exceptional clarity of mind. [potion of mutation]
 42152 | Shoals:3 | Gained mutation: Scrolls take you a little longer to read. [potion of mutation]
 42152 | Shoals:3 | Gained mutation: You are somewhat resistant to further mutation. [potion of mutation]
 42490 | Shoals:4 | Entered Level 4 of the Shoals
 42713 | Shoals:4 | Got a barnacled rune of Zot
 42999 | Shoals:4 | Noticed Ilsuiw
 43034 | Shoals:4 | Killed Ilsuiw
 44174 | Vaults:1 | Entered Level 1 of the Vaults
 44387 | Vaults:1 | Reached skill level 1 in Hexes
 44413 | Vaults:1 | Reached XP level 19. HP: 162/162 MP: 28/28
 44423 | Vaults:1 | Reached skill level 1 in Necromancy
 44427 | Vaults:1 | Reached skill level 1 in Translocations
 44971 | Vaults:1 | Found Dimerohi's Armour Emporium.
 45597 | Vaults:1 | Reached skill level 5 in Charms
 48025 | Vaults:2 | Reached skill level 5 in Spellcasting
 48333 | Vaults:3 | Noticed loom's ghost (adept HOBe)
 48351 | Vaults:3 | Killed loom's ghost
 48351 | Vaults:3 | Reached XP level 20. HP: 144/170 MP: 29/29
 48444 | Vaults:3 | Reached skill level 5 in Hexes
 48796 | Vaults:3 | Reached skill level 5 in Necromancy
 48805 | Vaults:3 | Reached skill level 5 in Translocations
 49030 | Vaults:3 | Found a shadowy altar of Dithmenos.
 49265 | Vaults:3 | Found a staircase to the Crypt.
 50215 | Vaults:4 | Learned a level 2 spell: Swiftness
 50918 | Vaults:4 | Reached XP level 21. HP: 178/178 MP: 32/32
 51157 | Vaults:4 | Found a glowing silver altar of Zin.
 51171 | Vaults:4 | Reached skill level 10 in Charms
 51507 | Crypt:1  | Entered Level 1 of the Crypt
 52910 | Crypt:2  | Identified the +7 arbalest of Valiance {penet, rN+} (You found it on level 2 of the Crypt)
 52971 | Crypt:2  | Noticed Boris
 52984 | Crypt:2  | Killed Boris
 54149 | Crypt:3  | Entered Level 3 of the Crypt
 54238 | Crypt:3  | Noticed Bai Suzhen
 54256 | Crypt:3  | Killed Bai Suzhen
 54452 | Crypt:3  | Reached skill level 10 in Armour
 54630 | Crypt:3  | Noticed Boris
 54661 | Crypt:3  | Killed Boris
 54997 | Crypt:3  | Reached XP level 22. HP: 189/189 MP: 35/35
 55311 | Crypt:3  | Found a staircase to the Tomb.
 55748 | Crypt:3  | Found the +4 dagger "Morg" {pain, MR+ Int+5}
 55770 | Crypt:3  | Identified the +6 glaive of Virtue {chop, rC- Str+4} (You found it on level 3 of the Crypt)
 55787 | Crypt:3  | Identified the ring of Virtue {+Blink rElec rN+} (You found it on level 3 of the Crypt)
 55789 | Crypt:3  | Identified the ring of Spring {rPois rF+++ rC- rN+ Str+4} (You found it on level 3 of the Crypt)
 55791 | Crypt:3  | Identified the ring "Qukot" {*Drain rPois rF+ rC+ rN+ Slay+2} (You found it on level 3 of the Crypt)
 56385 | Depths:1 | Entered Level 1 of the Depths
 56995 | Depths:1 | Found a one-way gate to the infinite horrors of the Abyss.
 57221 | Depths:1 | Found a gateway to Hell.
 57483 | Depths:1 | Found a corrupted altar of Lugonu.
 58474 | Depths:2 | Reached XP level 23. HP: 197/200 MP: 36/36
 58616 | Depths:2 | Found a gateway to a ziggurat.
 59222 | Depths:2 | Found the -2 mace of Variability {chaos}
 59819 | Depths:3 | Noticed Boris
 59829 | Depths:3 | Killed Boris
 60311 | Depths:3 | Found a one-way gate leading to the halls of Pandemonium.
 60503 | Depths:3 | Found a runed door.
 60635 | Depths:3 | Found a radiant altar of Vehumet.
 60635 | Depths:3 | Noticed an ancient lich
 60645 | Depths:3 | Killed an ancient lich
 60663 | Depths:3 | Identified the Collected Works on Battle Magic
 60846 | Depths:4 | Got a glittering copper ring
 60852 | Depths:4 | Found the +6 Majin-Bo {vamp, Archmagi MP+6 Int+6}
 60941 | Depths:4 | Reached XP level 24. HP: 212/212 MP: 36/36
 61543 | Depths:5 | Entered Level 5 of the Depths
 62090 | Depths:5 | Noticed a juggernaut
 62097 | Depths:5 | Killed a juggernaut
 62209 | Depths:5 | Paralysed by a floating eye for 4 turns
 62264 | Depths:5 | Noticed a caustic shrike
 62264 | Depths:5 | Noticed a juggernaut
 62264 | Depths:5 | Noticed a caustic shrike
 62265 | Depths:5 | Noticed a caustic shrike
 62265 | Depths:5 | Noticed a caustic shrike
 62272 | Depths:5 | Demolished by a caustic shrike

Vault maps used:
D:1:      minmay_arrival_doors, minmay_misc_feat_secret_circle
D:3:      bloody_trog, grunt_temple_overflow_open, uniq_sigmund, uniq_natasha
D:4:      regret_index_temple_of_mockery, dancing_weapons_uskayaw,
          minmay_temple_entry_statues, first_ration, uniq_duvessa, uniq_menkaure
D:5:      overflow_temple_1_default
D:6:      nicolae_gozag_cash_rules_everything_around_me
D:7:      grunt_temple_overflow_order_and_chaos_2, chequers_ossuary_entry_cave,
          grunt_livestock
D:8:      fedhas_altar_2, serial_glass, glass_columns_c, glass_columns_b,
          serial_shops, kennysheep_little_box, kennysheep_boxes
D:10:     basic_altar, nicolae_trove_entry_diagonal, kennysheep_generic_room_8
D:11:     minmay_lair_entry_grove, david_orc_4, serial_shops, shop,
          nrook_pool_corridor
D:12:     minmay_glassy_protrusions, uniq_azrael, uniq_urug
D:13:     kennysheep_room_grid, hangedman_vaults_entry_quadrant_bands,
          lab_entry_generic, uniq_sonja
D:14:     minmay_the_grid_octo_tiled_octocenter_mashed, solitary_fountain
D:15:     grunt_enter_depths_magical_seal, serial_bayou_lagoon_a, serial_shops,
          nicolae_shop_stone, shop_fountains, shop, shop, shop,
          kennysheep_treasure_room
Temple:   jpeg_temple_clearing
Lair:1:   grunt_forest_small_clearings, grunt_megastairs_1, uniq_erica,
          uniq_fannar, uniq_grum
Lair:2:   grunt_forest_stairs_basic
Lair:3:   minmay_shoals_entry_beasts, spider_nest_entry_rubble,
          lemuel_oklob_altar, serial_bayou_shore_b
Lair:4:   nicolae_volcano_entry_lava_flow, infiniplex_staircase_pool_2,
          serial_bayou_shore_b, uniq_rupert, uniq_josephine
Lair:5:   slime_altar_1, minmay_lair_oklob_chamber
Lair:6:   evilmike_catoblepas_cave, serial_bayou_pond_d
Shoals:2: nicolae_shoals_c_island
Shoals:4: shoals_end_simple, shoals_ilsuiw_alternative,
          nicolae_shoals_stone_sculpture_thing
Spider:4: grunt_spider_rune_parallel
Orc:2:    grunt_orc_cross, serial_shops, nicolae_shop_crystal
Vaults:1: hangedman_vaults_slither, hangedman_vaults_nails, v_misc_29,
          hangedman_vaults_capsules, special_room_vaults,
          ontoclasm_vaults_twist, serial_shops, shop_fountains
Vaults:2: v_misc_25, v_misc_1, ontoclasm_vaults_ring_small, v_misc_30,
          nicolae_vaults_minivaults, vaults_dpeg_diagonal, v_misc_18,
          vaults_mumra_hex, serial_glass
Vaults:3: hangedman_vaults_trim, minmay_crypt_entry_simple_statues, v_misc_12,
          vaults_room_fours, stair_cage_open, grunt_vaults_trifunnel,
          hangedman_vaults_nodes, nicolae_vaults_little_squares_4, v_misc_12,
          ontoclasm_vaults_idyll, nicolae_vaults_hallways_thing,
          ontoclasm_vaults_gateway, v_misc_23, basic_altar
Vaults:4: st_more_cells, v_misc_27, ontoclasm_vaults_decontamination,
          nicolae_vaults_little_squares_2, vaults_room_large_hall,
          vaults_room_corners, basic_altar
Crypt:2:  uniq_saint_roka, uniq_boris
Crypt:3:  due_elkab, nicolae_tomb_entry_rubble_hallway, serial_co_window_serial,
          co_window_paths_a, co_window_of_opportunity_a, co_window_paths_b,
          co_window_paths_a, co_window_cross_1, co_window_2corner,
          co_window_unsneaky_path_b, uniq_boris, uniq_bai_suzhen
Depths:1: serial_column_ruins, abyss_entry, pf_hell_entry_great_geh,
          kennysheep_cross_room, serial_sigils_hangedman_stare, tgw_lugonu_bribe
Depths:2: minmay_haunted_quarter, enter_ziggurat_f, lightli_too_deep,
          minmay_strange_pillars, skrybe_limestone_x, serial_bayou_ford_a,
          firewood_loft
Depths:3: kennysheep_ogre_elephant_herders, abyss_entry, pan_entry,
          hangedman_coc_ice_floe, spider_trap, grunt_absolute_annihilation,
          uniq_boris
Depths:4: minmay_guarded_unrand_majin_bo, fountainhead,
          abyss_entry_small_statue_room, hell_entry,
          infiniplex_staircase_pillars_3a
Depths:5: grunt_runaround, hell_entry
Lab:      labyrinth_watery, nicolae_lab_blocks, nicolae_lab_grate_2,
          nicolae_lab_t_cross, labyrinth_skeletal_remains, lab_fountain,
          nicolae_lab_quarters, labyrinth_fake_exit, nicolae_lab_arrow
Ossuary:  ossuary_the_hunt_dpeg
Volcano:  volcano_lake

Skill      XL: |  1  2  3  4  5  6  7  8  9 10 11 12 13 14 15 16 17 18 19 20 21 22 23 24 |
---------------+-------------------------------------------------------------------------+-----
Polearms       | 4 5 6 7 9 10 12 15 17 19 20 21 22 23 24 25 26 | 26.0
Fighting       | 4 7 9 10 11 12 14 15 16 17 18 19 21 22 23 | 23.1
Dodging        | 3 7 9 11 12 14 16 17 | 17.9
Invocations    | 6 9 12 | 12.0
Armour         | 2 7 8 10 12 13 14 | 14.4
Hexes          | 1 4 5 |  5.0
Necromancy     | 4 5 |  5.0
Translocations | 4 5 |  5.0
Charms         | 6 9 11 | 11.0
Spellcasting   | 5 7 9 |  9.3

Action                   |  1- 3 |  4- 6 |  7- 9 | 10-12 | 13-15 | 16-18 | 19-21 | 22-24 || total
-------------------------+-------+-------+-------+-------+-------+-------+-------+-------++-------
Melee: Spear             |   157 |   145 |       |       |       |       |       |       ||   302
       Scythe            |       |    14 |   357 |   650 |       |       |       |       ||  1021
       Glaive            |       |       |       |   105 |  1132 |  1978 |   739 |       ||  3954
       Headbutt          |       |       |       |    59 |   264 |   252 |       |       ||   575
       Scimitar          |       |       |       |     8 |     9 |       |       |       ||    17
       Tailslap          |       |       |       |       |     1 |    28 |     9 |    11 ||    49
       Bardiche          |       |       |       |       |       |       |  1011 |  1076 ||  2087
 Cast: Infusion          |     3 |     7 |       |       |     7 |       |       |       ||    17
       Spectral Weapon   |       |       |       |       |     5 |       |     4 |    36 ||    45
       Shroud of Golubri |       |       |       |       |     5 |       |     3 |     3 ||    11
       Regeneration      |       |       |       |       |     2 |       |     3 |     5 ||    10
       Swiftness         |       |       |       |       |       |       |     1 |       ||     1
Invok: Lesser Servant of |       |       |       |       |    11 |       |     2 |     1 ||    14
       Minor Destruction |       |       |       |       |     2 |       |       |       ||     2
       Major Destruction |       |       |       |       |     2 |       |       |       ||     2
       Greater Servant o |       |       |       |       |       |     1 |       |     1 ||     2
Evoke: Phantom mirror    |       |       |       |     1 |       |       |       |       ||     1
       Wand              |       |       |       |     1 |    19 |    10 |     7 |       ||    37
       Box of beasts     |       |       |       |       |       |     1 |       |       ||     1
  Use: Potion            |       |     3 |     8 |     6 |     7 |     9 |     4 |     7 ||    44
       Scroll            |       |       |    12 |    11 |    16 |    15 |    16 |     6 ||    76
 Stab: Sleeping          |     2 |       |       |     7 |       |       |       |       ||     9
       Invisible         |       |     4 |       |       |       |       |       |       ||     4
       Distracted        |       |       |       |     2 |     5 |     1 |       |     6 ||    14
       Held in net/web   |       |       |       |       |       |     2 |       |       ||     2
  Eat: Chunk             |     2 |     5 |    15 |    28 |    22 |    40 |    22 |    18 ||   152
       Ration            |       |       |     4 |     1 |     4 |     4 |     4 |     2 ||    19
Armor: Leather armour    |    32 |    30 |    12 |       |       |       |       |       ||    74
       Scale mail        |       |       |   127 |       |       |       |       |       ||   127
       Acid dragon scale |       |       |    12 |    43 |       |       |       |       ||    55
       Steam dragon scal |       |       |       |   107 |    30 |       |       |       ||   137
       Skin              |       |       |       |     4 |       |       |       |       ||     4
       Plate armour      |       |       |       |    11 |       |       |       |       ||    11
       Fire dragon scale |       |       |       |       |   208 |   553 |   336 |   268 ||  1365
Dodge: Dodged            |    62 |    60 |   204 |   510 |   592 |  1504 |  1180 |   787 ||  4899
       Rpst.: Scimitar   |       |       |       |     2 |       |       |       |       ||     2

Table legend:
 A = Spawn XP
 B = Non-spawn XP
 C = Spawn XP percentage of total XP
 D = Spawn monster count
 E = Non-spawn monster count
 F = Spawn count percentage of total count
 G = Total turns spent on level
                    A         B        C        D         E        F      G
               +---------+---------+-------+---------+---------+-------+---------
         Total |       0 |  880518 |   0.0 |       0 |    1873 |   0.0 | 62272
               +---------+---------+-------+---------+---------+-------+---------
           D:1 |       0 |      40 |   0.0 |       0 |      24 |   0.0 |  1051
           D:2 |       0 |      55 |   0.0 |       0 |      21 |   0.0 |  1139
           D:3 |       0 |     355 |   0.0 |       0 |      19 |   0.0 |  1072
           D:4 |       0 |     983 |   0.0 |       0 |      23 |   0.0 |  1574
           D:5 |       0 |     922 |   0.0 |       0 |      23 |   0.0 |  1655
           D:6 |       0 |    1593 |   0.0 |       0 |      25 |   0.0 |  1324
           D:7 |       0 |    2399 |   0.0 |       0 |      28 |   0.0 |   902
           D:8 |       0 |    1855 |   0.0 |       0 |      25 |   0.0 |  1878
           D:9 |       0 |    3634 |   0.0 |       0 |      26 |   0.0 |  1447
          D:10 |       0 |    3471 |   0.0 |       0 |      21 |   0.0 |  1120
          D:11 |       0 |    4919 |   0.0 |       0 |      56 |   0.0 |  2006
          D:12 |       0 |   15529 |   0.0 |       0 |      47 |   0.0 |  1119
          D:13 |       0 |   20599 |   0.0 |       0 |      64 |   0.0 |  2060
          D:14 |       0 |   17621 |   0.0 |       0 |      65 |   0.0 |  1019
          D:15 |       0 |   21787 |   0.0 |       0 |      48 |   0.0 |  1776
        Lair:1 |       0 |    5951 |   0.0 |       0 |      23 |   0.0 |  1612
        Lair:2 |       0 |    5335 |   0.0 |       0 |      20 |   0.0 |  1234
        Lair:3 |       0 |    8052 |   0.0 |       0 |      27 |   0.0 |  1994
        Lair:4 |       0 |    6446 |   0.0 |       0 |      15 |   0.0 |  1011
        Lair:5 |       0 |    2723 |   0.0 |       0 |      10 |   0.0 |   679
        Lair:6 |       0 |   20398 |   0.0 |       0 |      45 |   0.0 |  2184
      Shoals:1 |       0 |    8863 |   0.0 |       0 |      18 |   0.0 |  1124
      Shoals:2 |       0 |   13925 |   0.0 |       0 |      28 |   0.0 |  1232
      Shoals:3 |       0 |   14414 |   0.0 |       0 |      28 |   0.0 |   834
      Shoals:4 |       0 |   32561 |   0.0 |       0 |      55 |   0.0 |  1512
      Spider:1 |       0 |   10535 |   0.0 |       0 |      26 |   0.0 |  1100
      Spider:2 |       0 |   13361 |   0.0 |       0 |      39 |   0.0 |  1030
      Spider:3 |       0 |   12092 |   0.0 |       0 |      26 |   0.0 |  1710
      Spider:4 |       0 |   30779 |   0.0 |       0 |      69 |   0.0 |  2269
         Orc:1 |       0 |    3791 |   0.0 |       0 |      34 |   0.0 |   865
         Orc:2 |       0 |   15011 |   0.0 |       0 |      82 |   0.0 |  1704
      Vaults:1 |       0 |   41217 |   0.0 |       0 |      99 |   0.0 |  1848
      Vaults:2 |       0 |   58457 |   0.0 |       0 |      88 |   0.0 |  2428
      Vaults:3 |       0 |   68553 |   0.0 |       0 |     106 |   0.0 |  1789
      Vaults:4 |       0 |   30337 |   0.0 |       0 |      49 |   0.0 |  1461
       Crypt:1 |       0 |   17969 |   0.0 |       0 |      24 |   0.0 |  1452
       Crypt:2 |       0 |   29021 |   0.0 |       0 |      28 |   0.0 |  1288
       Crypt:3 |       0 |   79268 |   0.0 |       0 |     104 |   0.0 |  1856
      Depths:1 |       0 |   49486 |   0.0 |       0 |      64 |   0.0 |  1187
      Depths:2 |       0 |   76780 |   0.0 |       0 |     105 |   0.0 |  1615
      Depths:3 |       0 |   49204 |   0.0 |       0 |      44 |   0.0 |  1079
      Depths:4 |       0 |   36710 |   0.0 |       0 |      43 |   0.0 |   830
      Depths:5 |       0 |   33959 |   0.0 |       0 |      27 |   0.0 |   729
           Lab |       0 |    3104 |   0.0 |       0 |      14 |   0.0 |   427
       Ossuary |       0 |     214 |   0.0 |       0 |      10 |   0.0 |   478
       Volcano |       0 |    6240 |   0.0 |       0 |       8 |   0.0 |   291
               +---------+---------+-------+---------+---------+-------+---------
